 Dungeon Crawl Stone Soup version 0.30-a0-475-g03497ec522 (webtiles) character file.

Game seed: 4357160710311745966

176 Anon1729 the Sneak (level 5, 0/50 HPs)
             Began as a Naga Monk on Dec 20, 2022.
             Killed from afar by Dowan (4 damage)
             ... with a puff of frost
             ... on level 4 of the Dungeon.
             The game lasted 00:15:21 (2874 turns).

Anon1729 the Sneak (Naga Monk)                      Turns: 2874, Time: 00:15:22

Health: 0/50       AC:  5    Str: 13    XL:     5   Next: 56%
Magic:  5/5        EV:  7    Int: 11    God:
Gold:   320        SH:  0    Dex: 15    Spells: 4/4 levels left

rFire   + . .      SeeInvis +    y - +2 short sword (venom)
rCold   + . .      Faith    .    (no shield)
rNeg    . . .      Spirit   .    u - +0 scale mail
rPois   +          Reflect  .    (no helmet)
rElec   .          Harm     .    s - scarf {rC+ rF+}
rCorr   .          Rampage  .    m - +0 pair of gloves
Will    .....                    (no barding)
Stlth   +.........               (no amulet)
HPRegen 0.28/turn                (no ring)
MPRegen 0.09/turn                (no ring)

@: very slow
A: AC +1, large, see invisible, deformed body, poison resistance, slowness 2,
spit poison 1, naga tail 1
a: Spit Poison


You were on level 4 of the Dungeon.
You visited 1 branch of the dungeon, and saw 4 of its levels.

You collected 320 gold pieces.

Inventory:

Hand Weapons
 y - a +2 short sword of venom (weapon)
Missiles
 g - 17 stones (quivered)
 i - 6 datura-tipped darts
Armour
 m - a +0 pair of gloves (worn)
 r - a +2 tower shield
 s - a scarf of resistance (worn)
 u - a +0 scale mail (worn)
Scrolls
 a - 2 scrolls of fog
 d - 4 scrolls of noise
 l - 4 scrolls of enchant armour
 o - 2 scrolls of magic mapping
 p - 2 scrolls of teleportation
 t - a scroll of silence
 v - a scroll of blinking
Potions
 b - a potion of might {unknown}
 c - 2 potions of heal wounds {unknown}
 e - a potion of flight {unknown}
 f - a potion of mutation {unknown}
 k - 2 potions of attraction {unknown}
 q - a potion of haste {unknown}
 w - a potion of curing {unknown}
 x - a potion of invisibility {unknown}


   Skills:
 + Level 3.8 Fighting
 * Level 4.3 Short Blades
 - Level 1.0 Throwing
 + Level 3.0 Dodging
 + Level 4.7 Stealth


You had 4 spell levels left.
You didn't know any spells.
Your spell library was empty.

Dungeon Overview and Level Annotations

Branches:
Dungeon (4/15)
 Temple: D:4-7

Altars:
Fedhas
Hepliaklqana
Okawaru

Shops:
D:2 =

Portals:
Sewer: D:4

Annotations:
D:3 1 runed translucent door, Crazy Yiuf
D:4 Dowan, Duvessa


Innate Abilities, Weirdness & Mutations

Your serpentine skin is tough. (AC +1)
You have supernaturally acute eyesight. (SInv)
Armour fits poorly on your strangely shaped body.
Your system is resistant to poisons. (rPois)
You cover ground very slowly.
You can spit poison.
You have a snake-like lower body.


Message History

Dowan attacks as you move away! Dowan barely misses you.
Things that are here:
a rat corpse; a river rat corpse You hit Dowan.
Dowan is lightly wounded.
Dowan hits you but does no damage.
You hit Dowan.
Dowan is poisoned.
Dowan is moderately wounded.
Dowan hits you but does no damage. Dowan hits you but does no damage.
Dowan attacks as you move away! Dowan hits you with a +0 dagger.
Dowan points at something and mumbles some strange words.
Dowan attacks as you move away! Dowan hits you with a +0 dagger.
You hear a zap.
You hear a grinding noise.
Dowan mumbles some strange words.
Dowan blinks!
Dowan points at you and mumbles some strange words.
The puff of frost hits you. You resist.
Dowan smirks and points a slender finger.
You aren't carrying any items that you can evoke.
Okay, then.
Okay, then.
Okay, then.
Duvessa hits you with a +0 vampiric short sword!
You barely miss Duvessa.
Duvessa hits you with a +0 vampiric short sword.
You barely miss Duvessa. Duvessa closely misses you.
Dowan hits you with a +0 dagger.
You closely miss Duvessa.
Duvessa hits you with a +0 vampiric short sword!
* * * LOW HITPOINT WARNING * * *
Duvessa hits you with a +0 vampiric short sword!
* * * LOW HITPOINT WARNING * * *
Blink to where?
Press: ? - help, Dir - move target
As you read the scroll of blinking, it crumbles to dust.
Dowan is no longer unusually resistant.
Dowan gestures at you while chanting. The puff of frost hits you. You resist.
You die...

#.## #)# #.# #. #†# #.# #.#
#. ###.# #####.# #.# #.
#...# #...#.# #.# #.
#.#.######...#.# #.# ###.
#..e§e........######.# #...
#..####............#.####.#.
#..# #.......####.#......#.
#..# ###..@### #.########.
#..# #...# #.# #. #..# ##.##
#.# #. ...# #.# #.# #. ##.
###.# #.# #. #...### #.#
#.#...# #.# ###+###'### #.#
.......#..# #<########.


You could see Dowan (poisoned).

Vanquished Creatures
  An orc priest (D:3)
  7 adders
  A river rat (D:4)
  3 dart slugs
  7 orcs (D:3)
  7 ball pythons
  5 endoplasms
  2 giant cockroaches
  3 goblins
  6 hobgoblins
  A jackal (D:1)
  A quokka (D:3)
  7 bats
  4 frilled lizards
  2 kobolds
  5 rats
62 creatures vanquished.

Vanquished Creatures (others)
  3 toadstools (D:1)
3 creatures vanquished.

Grand Total: 65 creatures vanquished

Notes
Turn   | Place    | Note
-------+----------+-------------------------------------------
     0 | D:1      | Anon1729 the Naga Monk began the quest for the Orb.
     0 | D:1      | Reached XP level 1. HP: 21/21 MP: 1/1
   374 | D:2      | Found Odghiymeo's Jewellery Emporium.
   384 | D:1      | Reached XP level 2. HP: 22/28 MP: 2/2
   897 | D:2      | Reached XP level 3. HP: 20/34 MP: 3/3
  1394 | D:2      | Reached XP level 4. HP: 39/42 MP: 4/4
  1670 | D:2      | Reached skill level 1 in Throwing
  2094 | D:3      | Reached XP level 5. HP: 35/49 MP: 5/5
  2155 | D:3      | Found a runed translucent door.
  2156 | D:3      | Noticed Crazy Yiuf
  2403 | D:3      | Found a blossoming altar of Fedhas.
  2650 | D:4      | Found an iron altar of Okawaru.
  2670 | D:4      | Found a hazy altar of Hepliaklqana.
  2837 | D:4      | Found a glowing drain.
  2839 | D:4      | Noticed Dowan
  2841 | D:4      | Noticed Duvessa
  2874 | D:4      | Killed from afar by Dowan

Illustrated notes

Levels and vault maps discovered:
D:1:      minmay_arrival_open_corners, layout_rooms, kennysheep_crisscross,
          minmay_gold_behind_fungi, minmay_bisected
D:2:      minmay_inner_zag, layout_loops_ring, serial_shops,
          nicolae_shop_temple_entry_statues_fountains
D:3:      layout_loops_ring, fedhas_altar_1, grunt_ministairs_9,
          kennysheep_orc_chapel, uniq_crazy_yiuf_cottage
D:4:      layout_loops_ring, mainiacjoe_overflow_24_doors,
          kennysheep_vampire_church, mainiacjoe_overflow_alcove_1,
          portal_sewer_entry_a, uniq_duvessa

Skill      XL: |  1  2  3  4  5 |
---------------+----------------+-----
Stealth        | 4 |  4.7
Throwing       | 1 |  1.0
Short Blades   | 4 |  4.3
Dodging        | 3 |  3.0
Fighting       | |  3.8

Action                   |  1- 3 |  4- 6 || total
-------------------------+-------+-------++-------
Melee: Short sword       |   123 |   105 ||   228
 Abil: Spit Poison       |     3 |     1 ||     4
  Use: Potion            |     1 |       ||     1
       Scroll            |       |     8 ||     8
 Stab: Sleeping          |     1 |     3 ||     4
Armor: Ring mail         |    35 |       ||    35
       Leather armour    |     1 |       ||     1
       Scale mail        |     9 |    43 ||    52
Dodge: Dodged            |    57 |    30 ||    87

Table legend: (Time is in decaauts)
 A = Elapsed time spent in this place.
 B = Non-inter-level travel time spent in this place.
 C = Inter-level travel time spent in this place.
 D = Time resting spent in this place.
 E = Time spent auto-exploring this place.
 F = Levels seen in this place.
 G = Mean time per level.
                   A        B        C        D        E       F      G
               +--------+--------+--------+--------+--------+-----+--------+
         Total |   3700 |   3355 |    345 |    201 |   2050 |   4 |  925.0 |
       Dungeon |   3700 |   3355 |    345 |    201 |   2050 |   4 |  925.0 |
               +--------+--------+--------+--------+--------+-----+--------+

Top non-repeatable levels by time:
     D:2: 1348 daAuts
     D:3: 1127 daAuts
     D:1: 924 daAuts
     D:4: 300 daAuts
